 Dungeon Crawl Stone Soup version 0.14-a0-987-gc8002fa (webtiles) character file.

123 PolkaDot the Ruinous (level 4, -4/30 HPs)
             Began as a Vampire Conjurer on Nov 22, 2013.
             Killed by divine providence
             ... invoked by an orc priest
              (10 damage)
             ... on Level 2 of the Dungeon.
             The game lasted 00:07:51 (2376 turns).

PolkaDot the Ruinous (Vampire Conjurer)             Turns: 2376, Time: 00:07:54

HP  -4/30        AC  2     Str  6 (7)  XL: 4   Next: 17%
MP   0/8         EV 12     Int 18      God:
Gold 44          SH  0     Dex 14      Spells:  2 memorised,  2 levels left

Res.Fire  : . . .   See Invis. : +   (no weapon)
Res.Cold  : + . .   Warding    : .   a - +0 robe
Life Prot.: + . .   Conserve   : .   (no shield)
Res.Poison: .       Res.Corr.  : .   (no helmet)
Res.Elec. : .       Clarity    : .   (no cloak)
Sust.Abil.: . .     Spirit.Shd : .   (no gloves)
Res.Mut.  : .       Stasis     : .   (no boots)
Res.Rott. : .       Flight     : .   (no amulet)
Saprovore : . . .                    (no ring)
                                     f - +6,+5 ring of slaying {unknown}

@: slightly resistant to hostile enchantments, stealthy
A: fangs 3, talons 1, see invisible, cold resistance 1, unbreathing
a: Bat Form


You were on level 2 of the Dungeon.
You were not thirsty.

You visited 1 branch of the dungeon, and saw 3 of its levels.

You collected 44 gold pieces.

Inventory:

Armour
 a - a +0 robe (worn)
Scrolls
 b - a scroll of remove curse {unknown}
 d - a scroll of teleportation {unknown}
 g - 2 scrolls of curse weapon {unknown}
 k - a scroll of random uselessness {unknown}
 l - a scroll of amnesia {unknown}
 m - a scroll of identify {unknown}
 o - a scroll of enchant weapon I {unknown}
 p - a scroll of magic mapping {unknown}
Jewellery
 f - a +6,+5 ring of slaying (left hand) {unknown}
Potions
 e - a potion of mutation
 h - a potion of restore abilities {unknown}
 i - 2 potions of curing {unknown}
 j - a potion of speed {unknown}
 n - a potion of flight {unknown}
 q - a potion of heal wounds {unknown}
Books
 c - a book of Conjurations

   Spells                             Type                      Level
   *Magic Dart                        Conjuration                  1
   *Searing Ray                       Conjuration                  2
   Dazzling Spray                     Conjuration/Hexes            3
   Iskenderun's Mystic Blast          Conjuration                  4
   Iskenderun's Battlesphere          Conjuration/Charms           4
   Fulminant Prism                    Conjuration/Hexes            5


   Skills:
 - Level 2.1 Dodging
 - Level 3.0 Stealth
 - Level 1.0 Spellcasting
 * Level 4.3 Conjurations


You had 2 spell levels left.
You knew the following spells:

 Your Spells              Type           Power        Failure   Level  Hunger
a - Magic Dart            Conj           ###.         3%          1    ##.....
s - Searing Ray           Conj           ###...       6%          2    ###....


Dungeon Overview and Level Annotations

Branches:
Dungeon (3/16)

Altars:
Nemelex Xobeh


Innate Abilities, Weirdness & Mutations

You have razor-sharp teeth.*
You have supernaturally acute eyesight.
You can survive without breathing.*
You have sharp toenails.*
Your flesh is cold resistant.*+


Message History

Confirm with . or Enter, or press ? or * to list all spells.
Aiming: Magic Dart
Press: ? - help, Shift-Dir - straight line, f/p - orc priest
Aim: an orc priest, wielding an orcish mace (heavily wounded)
The magic dart hits the orc priest.
The orc priest is almost dead.
* * * LOW MAGIC WARNING * * *
The orc priest invokes the aid of Beogh against you.
Something smites you!
Ouch! That really hurt!
* * * LOW HITPOINT WARNING * * *
Drink which item? (? for menu, Esc to quit)
You feel extremely strange.
You feel hot for a moment.
Your toenails lengthen and sharpen.
Your body decomposes!
You feel weakened.
It was a potion of mutation.
The orc priest mumbles some strange prayers to Beogh against you.
Something smites you!
You die...

#..........#....# #.....
#..........#....###.....
#.....................).
#.....>.........####....
#....)......#......#....
#...........#.####.#....
#######...#.#.# #.#....
#.###.#.####.#....
#@................
#o###.#.####.##... #.#
#.#<# #.##.## #.#
#.######.##.## #.#
#.#(.....##.## #.#
#.#.#######.## #.#
#.#.#######.## #.#
#...#......... #.#
###.#.........


You could see an orc priest.

Vanquished Creatures
  Jessica (D:2)
  An adder (D:2)
  2 giant geckos
  An orc (D:3)
  3 giant cockroaches
  10 goblins
  6 hobgoblins
  4 jackals (D:1)
  A ball python (D:1)
  7 bats
  2 giant newts (D:1)
  7 kobolds
  5 rats
50 creatures vanquished.

Notes
Turn   | Place    | Note
--------------------------------------------------------------
     0 | D:1      | PolkaDot, the Vampire Conjurer, began the quest for the Orb.
     0 | D:1      | Reached XP level 1. HP: 13/13 MP: 4/4
   313 | D:1      | Reached XP level 2. HP: 19/19 MP: 2/5
   912 | D:1      | Learned a level 2 spell: Searing Ray
  1059 | D:1      | Reached XP level 3. HP: 21/24 MP: 6/6
  1667 | D:2      | Reached skill level 4 in Conjurations
  2022 | D:2      | Found a sparkling altar of Nemelex Xobeh.
  2207 | D:2      | Noticed Jessica
  2213 | D:2      | Killed Jessica
  2213 | D:2      | Reached XP level 4. HP: 30/30 MP: 0/8
  2376 | D:2      | Gained mutation: Your flesh is cold resistant. [potion of mutation]
  2376 | D:2      | Gained mutation: You have sharp toenails. [potion of mutation]
  2376 | D:2      | Killed from afar by an orc priest

Action                   |  1- 3 |  4- 6 || total
-------------------------+-------+-------++-------
Melee: Unarmed           |    51 |     1 ||    52
 Cast: Magic Dart        |    78 |     4 ||    82
       Searing Ray       |     1 |     2 ||     3
  Use: Potion            |     1 |     1 ||     2
 Stab: Sleeping          |     1 |       ||     1
